 Dungeon Crawl Stone Soup version 0.29.0-10-g45618ea6d2 (webtiles) character file.

Game seed: 2938369237187755324

28 NinjaNoafa the Caller (level 3, 0/63 HPs)
             Began as a Gnoll Wanderer on Sept 1, 2022.
             Slain by a gnoll
             ... wielding a +0 spear
              (7 damage)
             ... on level 2 of the Dungeon.
             The game lasted 00:02:42 (946 turns).

NinjaNoafa the Caller (Gnoll Wanderer)               Turns: 946, Time: 00:02:43

Health: 0/63       AC: 21    Str:  9    XL:     3   Next: 12%
Magic:  7/7        EV:  2    Int: 14    God:
Gold:   45         SH:  4    Dex: 18    Spells: 6/7 levels left

rFire   . . .      SeeInvis .   q - +0 short sword
rCold   . . .      Faith    .   o - +0 buckler
rNeg    . . .      Spirit   .   (body armour currently unavailable)
rPois   +          Reflect  .   (helmet currently unavailable)
rElec   .          Harm     .   (cloak currently unavailable)
rCorr   .          Rampage  .   (gloves currently unavailable)
Will    .....      NoTele   +   (boots currently unavailable)
Stlth   ..........              (no amulet)
HPRegen 0.20/turn               m - +6 ring of dexterity
MPRegen 0.10/turn               (no ring)

@: berserking, tree-form, hasted, very quick
A: stationary, stasis, torment immunity, boosted hp, (fangs 1), strong nose,
distributed training
a: no special abilities


You were on level 2 of the Dungeon.
You were a tree.
You visited 1 branch of the dungeon, and saw 2 of its levels.

You collected 45 gold pieces.

Inventory:

Hand Weapons
 a - a +0 quarterstaff
 q - a +0 short sword (weapon)
Missiles
 h - 21 stones
Armour
 b - a +0 pair of boots (melded)
 d - a +0 robe (melded)
 o - a +0 buckler (worn)
Jewellery
 m - a +6 ring of dexterity (left branch)
Scrolls
 c - a scroll of fog
 e - 2 scrolls of identify {unknown}
 k - 2 scrolls of teleportation {unknown}
 n - a scroll of torment {unknown}
 p - 2 scrolls of vulnerability {unknown}
Potions
 l - a potion of might {unknown}


   Skills:
 + Level 2.6 Fighting
 + Level 0.7 Short Blades
 + Level 0.7 Long Blades
 + Level 0.7 Axes
 + Level 0.7 Maces & Flails
 + Level 0.7 Polearms
 + Level 2.6 Staves
 + Level 0.7 Ranged Weapons
 + Level 0.7 Throwing
 + Level 0.7 Armour
 + Level 0.7 Dodging
 + Level 4.1 Stealth
 + Level 0.7 Shields
 + Level 0.7 Unarmed Combat
 + Level 2.8 Spellcasting
 + Level 0.5 Conjurations
 + Level 0.5 Hexes
 + Level 7.1 Summonings
 + Level 0.5 Necromancy
 + Level 0.5 Translocations
 + Level 0.5 Transmutations
 + Level 0.5 Fire Magic
 + Level 0.5 Ice Magic
 + Level 0.5 Air Magic
 + Level 0.5 Earth Magic
 + Level 0.5 Poison Magic
 + Level 0.9 Invocations
 + Level 2.6 Evocations


You had 6 spell levels left.
You knew the following spells:

 Your Spells              Type           Power      Damage    Failure   Level
a - Summon Small Mammal   Summ           84%        N/A       1%          1

Your spell library contained the following spells:

 Spells                   Type           Power      Damage    Failure   Level
 Call Canine Familiar     Summ           21%        N/A       4%          3
 Summon Ice Beast         Ice/Summ       12%        N/A       52%         4


Dungeon Overview and Level Annotations

Branches:
Dungeon (2/15)

Altars:


Innate Abilities, Weirdness & Mutations

You are a tree.
Your roots penetrate the ground, keeping you stationary.
You cannot be teleported.
You are immune to unholy pain and torment.
Your maximum health is greatly increased.
Your equipment is partially melded.
((You have very sharp teeth.))
Your uncanny sense of smell can sniff out nearby items.
Your experience applies equally to all skills.


Message History

It was a potion of berserk rage.
A red film seems to cover your vision as you go berserk!
You feel yourself moving faster!
You feel mighty!
You closely miss the kobold. You block the kobold's attack.
The gnoll hits you with a +0 whip.
* * * LOW HITPOINT WARNING * * *
The gnoll hits you but does no damage.
The gnoll hits you from afar with a +0 spear.
* * * LOW HITPOINT WARNING * * *
The gnoll hits you but does no damage.
You puncture the gnoll!
The gnoll is severely wounded.
The gnoll barely misses you.
The gnoll hits you but does no damage. x3
The kobold hits you but does no damage.
You hit the gnoll.
You kill the gnoll!
You block the gnoll's attack.
The gnoll hits you but does no damage. x2
The kobold hits you but does no damage.
You have reached level 3!
Your experience leads to an increase in your attributes!
Your base attributes are Str 9, Int 12, Dex 12.
Increase (S)trength, (I)ntelligence, or (D)exterity?
You feel clever. x2
You closely miss the adder. The adder bites you but does no damage.
You miss the adder. The adder bites you but does no damage.
The gnoll hits you but does no damage. x2
The kobold hits you but does no damage. You block the gnoll's attack.
You hit the adder.
The adder is lightly wounded.
You block the adder's attack. The kobold hits you but does no damage.
The gnoll hits you with a +0 whip.
* * * LOW HITPOINT WARNING * * *
The gnoll hits you but does no damage. x2
You puncture the adder!
The adder is almost dead.
The adder bites you but does no damage.
You hit the adder.
You kill the adder!
The gnoll hits you from afar with a +0 spear!
You die...

∆ ##..#....#.#.
###..###...#.##
#...†# ##...##
∆##....# #####
###.....# #
###.......# #
#..!##....#
#..#Kg.....# #.
#♣......# #
#)g.....#
#.g.....#
#.......#
#.......#
........#
....##### ....#


You could see 3 gnolls and a kobold.

Vanquished Creatures
  A gnoll (D:2)
  2 adders (D:2)
  An endoplasm (D:1)
  2 goblins (D:1)
  2 quokkas
  2 rats (D:1)
10 creatures vanquished.

Vanquished Creatures (collateral kills)
  A quokka (D:1)
1 creature vanquished.

Grand Total: 11 creatures vanquished

Notes
Turn   | Place    | Note
-------+----------+-------------------------------------------
     0 | D:1      | NinjaNoafa the Gnoll Wanderer began the quest for the Orb.
     0 | D:1      | NinjaNoafa set off with the following items: a +0
                  | quarterstaff, a +0 pair of boots, a scroll of fog, a +0
                  | robe; and the following spell memorised: Summon Small
                  | Mammal; and the following spells available to memorise:
                  | Call Canine Familiar, Summon Ice Beast.
     0 | D:1      | Reached XP level 1. HP: 17/17 MP: 4/4
   346 | D:1      | Reached XP level 2. HP: 23/23 MP: 3/5
   942 | D:2      | Reached XP level 3. HP: 8/28 MP: 7/7
   946 | D:2      | Slain by a gnoll

Illustrated notes

Levels and vault maps discovered:
D:1:      lightli_arrival_isolated_outpost, layout_basic
D:2:      layout_basic, serial_shops, shop, kennysheep_jessica_study

Action                   || total
-------------------------++-------
Melee: Quarterstaff      ||    13
       Bite              ||     3
       Short sword       ||    21
 Cast: Summon Small Mamm ||     5
  Use: Potion            ||     4
 Stab: Distracted        ||     1
       Sleeping          ||     1
Armor: Robe              ||     3
       Skin              ||    26
Dodge: Dodged            ||    28
Block: Buckler           ||    10
